 Dungeon Sprint DCSS version 0.29.1-2-gbd0b4ee654 (webtiles) character file.

Game seed: 267912797600192816

3252 Groucho the Unseen (level 9, -14/51 HPs)
             Began as a Felid Fighter on Nov 13, 2022.
             Was a Follower of Uskayaw.
             Demolished by a seven-headed hydra (17 damage)
             ... in the Dungeon (Sprint IX: "|||||||||||||||||||||||||||||").
             The game lasted 00:04:49 (1141 turns).

Groucho the Unseen (Felid Fighter)                  Turns: 1141, Time: 00:04:50

Health: -14/51     AC:  2    Str: 14    XL:     9   Next: 67%
Magic:  12/16      EV: 35    Int: 11    God:    Uskayaw [*.....]
Gold:   0          SH:  0    Dex: 20    Spells: 8/8 levels left
                                        Lives:  0   Deaths: 2

rFire   . . .      SeeInvis +     - Unarmed
rCold   . . .      Faith    .   (shield unavailable)
rNeg    . . .      Spirit   .   (body armour unavailable)
rPois   .          Reflect  .   (helmet unavailable)
rElec   .          Harm     .   (cloak unavailable)
rCorr   .          Rampage  .   (gloves unavailable)
Will    +....      NoTele   +   (boots unavailable)
Stlth   +++++++...              (no amulet)
HPRegen 0.17/turn               j - +2 ring of evasion
MPRegen 0.15/turn               k - +3 ring of dexterity

@: mighty, unable to drink, quick
A: very small, claws 1, fangs 3, see invisible, speed 1, shaggy fur 2, stealthy
paws, no weapons or thrown items, no armour, multi-lived, inability to drink
after injury 1
a: Renounce Religion, Stomp


You were in the Dungeon.
You worshipped Uskayaw.
Uskayaw was aware of your devotion.
You visited 1 branch

Inventory:

Armour
 s - a +0 hat of intelligence
Jewellery
 j - a +2 ring of evasion (left paw)
 k - a +3 ring of dexterity (right paw)
 p - a ring of fire
 q - an amulet of the acrobat
 r - a ring of willpower
Wands
 i - a wand of iceblast (10)
Scrolls
 g - 3 scrolls of blinking
 h - 2 scrolls of amnesia
 l - 2 scrolls of fear
 m - 2 scrolls of identify
 n - a scroll of butterflies
Potions
 a - 4 potions of might
 b - 6 potions of curing
 c - a potion of berserk rage
 d - a potion of haste
 e - 4 potions of magic
 f - 2 potions of heal wounds
 o - a potion of brilliance


   Skills:
 * Level 13.8 Fighting
 * Level 17.6 Dodging
 * Level 18.5 Stealth
 * Level 14.0 Unarmed Combat
 * Level 8.0 Invocations


You had 8 spell levels left.
You didn't know any spells.
Your spell library contained the following spells:

 Spells                   Type           Power      Damage    Failure   Level
 Summon Guardian Golem    Hex/Summ       0%         N/A       71%         3
 Orb of Destruction       Conj           0%         9d5       100%        7
 Spellforged Servitor     Conj/Summ      0%         N/A       100%        7


Dungeon Overview and Level Annotations

Branches:
Dungeon (1/1)

Altars:
Cheibriados
Dithmenos
Elyvilon
Fedhas
Gozag
Hepliaklqana
Kikubaaqudgha
Makhleb
Nemelex Xobeh
Okawaru
Qazlal
Ru
Sif Muna
Trog
Uskayaw
Vehumet
Wu Jian
Xom
Yredelemnul
Zin
The Shining One
Jiyva
Lugonu

Shops:
D *((?


Innate Abilities, Weirdness & Mutations

You have sharp claws.
You have razor-sharp teeth.
You have supernaturally acute eyesight. (SInv)
You cover ground quickly. (Speed+)
You are covered in thick fur. (AC +2)
Your paws help you pounce on unaware monsters.
You are incapable of wielding weapons or throwing items.
You cannot wear armour.
You gain extra lives every three experience levels.
You occasionally lose the ability to drink potions when taking damage.


Message History

a +0 dagger; a +0 robe
There is an open door here.
You see here a +0 long sword.
Things that are here:
4 large rocks; a +0 dagger; a +0 leather armour
There is an open door here.
A seven-headed hydra is nearby!
You feel very mighty all of a sudden.
The seven-headed hydra roars!
You claw the seven-headed hydra! You bite the seven-headed hydra!
The seven-headed hydra is moderately wounded.
The seven-headed hydra misses you. The seven-headed hydra bites you.
The seven-headed hydra closely misses you.
The seven-headed hydra misses you.
The seven-headed hydra completely misses you.
The seven-headed hydra closely misses you.
The seven-headed hydra bites you.
You scratch the seven-headed hydra.
The seven-headed hydra is moderately wounded.
The seven-headed hydra completely misses you.
The seven-headed hydra barely misses you.
The seven-headed hydra closely misses you.
The seven-headed hydra completely misses you.
The seven-headed hydra bites you! x2
You feel threatened and lose the ability to drink potions!
The seven-headed hydra bites you!
* * * LOW HITPOINT WARNING * * *
You can now pass through a line of other dancers.
Unknown command.
You cannot drink potions in your current state!
You cannot drink potions in your current state!
Unknown command.
Aiming: Line Pass
Press: ? - help, Dir - move target The seven-headed hydra appears confused.
You can no longer pass through a line of other dancers.
The seven-headed hydra completely misses you. x3
The seven-headed hydra closely misses you.
The seven-headed hydra bites you!
You die...

▓▓▓▓▓▓▓▓▓▓▓▓▓▓▓▓▓▓▓▓▓▓▓▓
▓<...'††...')†...'______
▓▓▓▓▓▓▓▓▓▓▓▓▓▓▓▓▓▓▓▓▓▓▓▓
▓.......................
▓.▓▓▓▓▓▓▓▓▓▓▓▓▓▓▓▓▓▓▓▓▓▓
▓.....D@'.....(....???'.
▓▓▓▓▓▓▓▓▓▓▓▓▓▓▓▓▓▓▓▓▓▓▓▓
▓▓▓▓▓▓▓▓▓▓▓▓▓▓▓▓▓▓▓▓▓▓▓▓
▓.......................
▓.▓▓▓▓▓▓▓▓▓▓▓▓▓▓▓▓▓▓▓▓▓▓
▓.........'=....))))))))


You could see a seven-headed hydra (confused).

Vanquished Creatures
  Gastronok (D)
  3 orc high priests (D)
  Sonja (D)
  2 deep elf pyromancers (D)
  A cyclops (D)
  An elephant (D)
  2 black mambas (D)
  A cane toad (D)
  3 komodo dragons (D)
  A rime drake (D)
  2 trolls (D)
  A blink frog (D)
  A yak (D)
  A wyvern (D)
  A steam dragon (D)
  A basilisk (D)
  2 vampire mosquitoes (D)
  3 water moccasins (D)
  A floating eye (shapeshifter) (D)
  A black bear (D)
  An ogre (D)
  A wolf (D)
  A bullfrog (D)
  9 orc priests (D)
  A hound (D)
  An iguana (D)
  An orc wizard (D)
  An ufetubus (D)
  A bat (D)
  A giant cockroach (D)
  A ball python (D)
  A frilled lizard (D)
  A rat (D)
51 creatures vanquished.

Notes
Turn   | Place    | Note
-------+----------+-------------------------------------------
     0 | D        | Groucho the Felid Fighter began the quest for the Orb.
     0 | D        | Reached XP level 1. HP: 10/10 MP: 2/2
     7 | D        | Reached skill level 1 in Stealth
    10 | D        | Reached skill level 2 in Stealth
    16 | D        | Noticed a hound
    16 | D        | Noticed a black bear
    16 | D        | Noticed an ogre
    16 | D        | Noticed an iguana
    22 | D        | Killed a hound
    23 | D        | Reached skill level 5 in Dodging
    23 | D        | Reached skill level 4 in Stealth
    23 | D        | Reached skill level 5 in Unarmed Combat
    23 | D        | Reached XP level 2. HP: 15/15 MP: 3/3
    23 | D        | Reached XP level 3. HP: 18/18 MP: 4/4
    25 | D        | Killed a black bear
    26 | D        | Reached skill level 5 in Fighting
    26 | D        | Reached skill level 6 in Stealth
    26 | D        | Reached XP level 4. HP: 23/23 MP: 5/5
    27 | D        | Killed an ogre
    28 | D        | Reached skill level 8 in Stealth
    28 | D        | Reached XP level 5. HP: 28/28 MP: 6/6
    38 | D        | Found a snail-covered altar of Cheibriados.
    38 | D        | Found a shadowy altar of Dithmenos.
    38 | D        | Found a white marble altar of Elyvilon.
    38 | D        | Found a blossoming altar of Fedhas.
    38 | D        | Found an opulent altar of Gozag.
    39 | D        | Found a hazy altar of Hepliaklqana.
    40 | D        | Found a viscous altar of Jiyva.
    41 | D        | Found an ancient bone altar of Kikubaaqudgha.
    42 | D        | Found a corrupted altar of Lugonu.
    43 | D        | Found a burning altar of Makhleb.
    44 | D        | Found a sparkling altar of Nemelex Xobeh.
    45 | D        | Found an iron altar of Okawaru.
    46 | D        | Found a stormy altar of Qazlal.
    47 | D        | Found a sacrificial altar of Ru.
    48 | D        | Found a shimmering blue altar of Sif Muna.
    49 | D        | Found a bloodstained altar of Trog.
    50 | D        | Found a hide-covered altar of Uskayaw.
    51 | D        | Found a radiant altar of Vehumet.
    52 | D        | Found an ornate altar of the Wu Jian Council.
    53 | D        | Found a shimmering altar of Xom.
    54 | D        | Found a basalt altar of Yredelemnul.
    55 | D        | Found a glowing silver altar of Zin.
    56 | D        | Found a glowing golden altar of the Shining One.
    58 | D        | Became a worshipper of Uskayaw the Reveller
    83 | D        | Noticed a yak
    83 | D        | Noticed a troll
    83 | D        | Noticed a wyvern
    83 | D        | Noticed a vampire mosquito
    83 | D        | Noticed a troll
    86 | D        | Reached * piety under Uskayaw
    91 | D        | Reached ** piety under Uskayaw
    94 | D        | Reached *** piety under Uskayaw
    95 | D        | Killed a yak
    96 | D        | Reached skill level 10 in Dodging
    96 | D        | Reached skill level 10 in Stealth
    96 | D        | Gained mutation: You are covered in thick fur. (AC +2)
                  | [Felid growth]
    96 | D        | Reached XP level 6. HP: 33/33 MP: 7/7
    97 | D        | Reached **** piety under Uskayaw
    98 | D        | Killed a troll
    99 | D        | Reached skill level 11 in Stealth
    99 | D        | Reached XP level 7. HP: 29/37 MP: 8/8
   100 | D        | Killed a vampire mosquito
   100 | D        | Killed a wyvern
   100 | D        | Reached ***** piety under Uskayaw
   101 | D        | Reached skill level 12 in Stealth
   102 | D        | Killed a troll
   103 | D        | Reached XP level 8. HP: 33/42 MP: 9/9
   108 | D        | Noticed a deep elf pyromancer
   108 | D        | Noticed a deep elf pyromancer
   108 | D        | Noticed a cyclops
   110 | D        | Killed a deep elf pyromancer
   111 | D        | Reached skill level 10 in Fighting
   111 | D        | Reached skill level 13 in Stealth
   111 | D        | Reached skill level 10 in Unarmed Combat
   116 | D        | Killed a deep elf pyromancer
   116 | D        | Reached ****** piety under Uskayaw
   117 | D        | Reached skill level 14 in Stealth
   117 | D        | Reached XP level 9. HP: 40/48 MP: 10/10
   117 | D        | Killed a cyclops
   118 | D        | Reached skill level 15 in Stealth
   267 | D        | Noticed a cane toad
   267 | D        | Noticed a black mamba
   267 | D        | Noticed a komodo dragon
   270 | D        | Noticed a komodo dragon
   271 | D        | Killed a cane toad
   272 | D        | Reached skill level 1 in Invocations
   273 | D        | Killed a black mamba
   274 | D        | Reached skill level 15 in Dodging
   287 | D        | Reached skill level 16 in Stealth
   291 | D        | Killed a komodo dragon
   292 | D        | Reached XP level 10. HP: 25/53 MP: 4/13
   729 | D        | Noticed an elephant
   729 | D        | Noticed a black mamba
   729 | D        | Noticed a seven-headed hydra
   730 | D        | Noticed a cane toad
   731 | D        | Killed an elephant
   740 | D        | Reached skill level 5 in Invocations
   745 | D        | Killed a black mamba
   746 | D        | Reached skill level 17 in Stealth
   749 | D        | Slain by a komodo dragon
   750 | D        | Reached XP level 9. HP: -1/50 MP: 10/14
   827 | D        | Noticed Gastronok
   833 | D        | Noticed Sonja
   850 | D        | Killed Gastronok
   851 | D        | Reached XP level 10. HP: 38/55 MP: 15/15
   859 | D        | Killed Sonja
   986 | D        | Found Sulleog's Magic Scroll Shoppe.
   986 | D        | Noticed an orc high priest
   988 | D        | Killed an orc high priest
   989 | D        | Reached skill level 18 in Stealth
   989 | D        | Found Disuskub's Weapon Emporium.
   989 | D        | Noticed an orc high priest
   993 | D        | Found Jidde's Weapon Shoppe.
   999 | D        | Found Vasiyzoe's Assorted Antiques.
  1002 | D        | Killed an orc high priest
  1005 | D        | Noticed an orc high priest
  1006 | D        | Noticed an orc high priest
  1025 | D        | Gained mutation: You occasionally lose the ability to drink
                  | potions when taking damage. [a neqoxec]
  1034 | D        | Noticed a sun demon
  1037 | D        | Killed an orc high priest
  1045 | D        | Mangled by a sun demon
  1046 | D        | Reached XP level 9. HP: -7/51 MP: 5/16
  1140 | D        | HP: 2/51 [seven-headed hydra (14)]
  1141 | D        | Demolished by a seven-headed hydra

Illustrated notes

Levels and vault maps discovered:
D:        linesprint [early_d, line_temple, items_1, d_10, items_2, lair_1,
          lair_end, items_3, orc_1, orc_end, items_4, d_15, swamp_1, shoals_1,
          snake_1, spider_1, d_20, vaults_1, items_5, swamp_end, shoals_end,
          snake_end, spider_end, vaults_end, d_27, items_6, zot_1, zot_end,
          crypt_end, forest_end, elf_end, slime_end, tomb_end, abyss_end,
          pan_hell_end]

Skill      XL: |  1  2  3  4  5  6  7  8  9 10 |
---------------+-------------------------------+-----
Stealth        | 4 6 8 10 11 12 14 16 18 | 18.5
Fighting       | 4 5 6 7 8 9 11 13 | 13.8
Dodging        | 5 7 8 10 11 12 14 15 17 | 17.6
Unarmed Combat | 5 6 7 8 9 11 12 14 | 14.0
Invocations    | 6 8 |  8.0

Action                   |  1- 3 |  4- 6 |  7- 9 | 10-12 || total
-------------------------+-------+-------+-------+-------++-------
Melee: Unarmed           |    12 |    19 |    40 |    49 ||   120
       Bite              |     3 |     2 |     6 |    10 ||    21
       Punch             |       |       |     4 |     2 ||     6
Invok: Line Pass         |       |       |     3 |     4 ||     7
  Use: Potion            |     2 |     2 |     3 |     3 ||    10
 Stab: Invisible         |       |     2 |     4 |       ||     6
       Paralysed         |       |     1 |     3 |     3 ||     7
       Sleeping          |       |       |     3 |     4 ||     7
       Confused          |       |       |       |     3 ||     3
Armor: Skin              |     1 |       |       |       ||     1
Dodge: Dodged            |     7 |    14 |    32 |    33 ||    86
